 Dungeon Crawl Stone Soup version 0.29-a0-397-g846e4a0bbc (webtiles) character file.

Game seed: 4807982683856554134

99 domi the Conjurer (level 4, -7/30 HPs)
             Began as a Demonspawn Hedge Wizard on May 11, 2022.
             Mangled by an iguana (12 damage)
             ... on level 3 of the Dungeon.
             The game lasted 00:03:33 (2626 turns).

domi the Conjurer (Demonspawn Hedge Wizard)         Turns: 2626, Time: 00:03:34

Health: -7/30      AC:  3    Str:  9 (11) XL:     4   Next: 45%
Magic:  2/8        EV: 12    Int: 16 (17) God:
Gold:   79         SH:  0    Dex:  9 (12) Spells: 1/9 levels left

rFire   . . .      SeeInvis .   a - +0 dagger
rCold   . . .      Faith    .   (no shield)
rNeg    . . .      Spirit   .   b - +0 robe
rPois   .          Reflect  .   l - +0 helmet
rElec   .          Harm     .   (no cloak)
rCorr   .          Rampage  .   (no gloves)
Will    .....                   (no boots)
Stlth   ++........              (no amulet)
HPRegen 0.10/turn               (no ring)
MPRegen 0.11/turn               (no ring)

@: flying
A: demonic guardian 1
a: no special abilities


You were on level 3 of the Dungeon.
You visited 1 branch of the dungeon, and saw 3 of its levels.

You collected 79 gold pieces.

Inventory:

Hand Weapons
 a - a +0 dagger (weapon)
Missiles
 m - a throwing net {=f, !d=f}
Armour
 b - a +0 robe (worn)
 c - a +0 hat
 l - a +0 helmet (worn)
   (You found it on level 2 of the Dungeon)
Scrolls
 e - a scroll of brand weapon {unknown}
 f - 5 scrolls of identify {unknown}
 g - 3 scrolls of teleportation {unknown}
 h - a scroll of enchant armour {unknown}
 i - a scroll of silence {unknown}
 j - a scroll of noise {unknown}
Potions
 d - a potion of magic
 k - a potion of degeneration {!q}
 n - a potion of flight


   Skills:
 - Level 1.7 Dodging
 - Level 1.7 Stealth
 - Level 3.0 Spellcasting
 + Level 4.4 Conjurations
 - Level 1.0 Summonings
 - Level 0.8 Translocations


You had one spell level left.
You knew the following spells:

 Your Spells              Type           Power      Damage    Failure   Level
b - Blink                 Tloc           10%        N/A       21%         2
c - Mephitic Cloud        Conj/Pois/Air  7%         N/A       30%         3
x - Call Imp              Summ           5%         N/A       19%         2
z - Magic Dart            Conj           64%        1d6       3%          1

Your spell library contained the following spells:

 Spells                   Type           Power      Damage    Failure   Level
 Slow                     Hex            8%         N/A       19%         1
 Conjure Flame            Conj/Fire      9%         6-21      22%         3


Dungeon Overview and Level Annotations

Branches:
Dungeon (3/15)

Altars:

Annotations:
D:2 Robin, Sigmund


Innate Abilities, Weirdness & Mutations

A weak demonic guardian rushes to your aid.


Message History

You take 1 damage, and have 26/30 hp.
You now have 2/8 mp.
Aim: a hound (heavily wounded, 100% to hit)
The magic dart hits the hound.
The hound bites you but does no damage.
You now have 1/8 mp.
Aim: a hound (severely wounded, 100% to hit)
The magic dart hits the hound.
The hound misses you. The hound barely misses you.
Aim: a hound (severely wounded, 100% to hit)
The magic dart hits the hound.
The hound bites you but does no damage.
You now have 0/8 mp.
You don't have enough magic to cast this spell.
You don't have enough magic to cast this spell.
You hit the hound.
You kill the hound!
Your Conjurations skill increases to level 4!
You start resting.
A ball python comes into view.
Health restored: 30 You regained 3 mp, and now have 3/8 mp.
You start resting.
MP restored: 8 A ball python is nearby!
A ball python is nearby!
A ball python is nearby!
Aim: a ball python (wandering, hasn't noticed you, 100% to hit)
The magic dart hits the ball python.
You kill the ball python!
You now have 7/8 mp.
You can't see any susceptible monsters within range! (Use Z to cast anyway.)
You can't see any susceptible monsters within range! (Use Z to cast anyway.)
Things that are here:
a ball python corpse; a hound corpse; MP restored: 8 You open the door.
A ball python comes into view.
The ball python hisses angrily.
A ball python is nearby!
A ball python is nearby!
Aim: a ball python (100% to hit)
The magic dart hits the ball python.
You kill the ball python!
You now have 7/8 mp.
You can't see any susceptible monsters within range! (Use Z to cast anyway.)
You can't see any susceptible monsters within range! (Use Z to cast anyway.)
There is an open door here.
You open the large door.
There is a large open door here.
Found a stone staircase leading down.
MP restored: 8 An iguana comes into view.
An iguana is nearby!
An iguana is nearby!
An iguana is nearby!
Aim: an iguana (asleep, 100% to hit)
The magic dart hits the iguana.
The iguana hisses angrily.
You now have 7/8 mp.
You can't see any susceptible monsters within range! (Use Z to cast anyway.)
You can't see any susceptible monsters within range! (Use Z to cast anyway.)
An iguana is nearby!
Aim: an iguana (lightly wounded, 100% to hit)
The magic dart hits the iguana.
You now have 6/8 mp.
Aim: an iguana (moderately wounded, 100% to hit)
The magic dart hits the iguana but does no damage.
You now have 5/8 mp.
Aim: an iguana (moderately wounded, 100% to hit)
The magic dart hits the iguana but does no damage.
You now have 4/8 mp.
You can't see any susceptible monsters within range! (Use Z to cast anyway.)
You can't see any susceptible monsters within range! (Use Z to cast anyway.)
You can't see any susceptible monsters within range! (Use Z to cast anyway.)
An iguana is nearby!
Aim: an iguana (moderately wounded, 100% to hit)
The magic dart hits the iguana but does no damage.
You now have 3/8 mp.
Aim: an iguana (moderately wounded, 100% to hit)
The magic dart hits the iguana.
The iguana bites you!
You take 13 damage, and have 17/30 hp.
MASSIVE DAMAGE!!
Aim: an iguana (moderately wounded, 100% to hit)
The magic dart hits the iguana but does no damage.
The iguana bites you!
* * * LOW HITPOINT WARNING * * *
A demonic guardian appears!
You take 12 damage, and have 5/30 hp.
MASSIVE DAMAGE!!
You now have 2/8 mp.
You swap places.
The iguana bites your white imp!
Your white imp dies!
Your white imp disappears in a puff of smoke!
You aren't carrying any items that you can evoke.
It was a potion of degeneration.
There was something very wrong with that liquid.
You feel weakened.
You feel dopey.
You feel clumsy.
It was a potion of flight.
You feel very buoyant.
You fly up into the air.
The iguana bites you!
You die...

.#.# #.##..#+#..## ....
#.#..##.##..# .#.
#...##.⌠.##.. ..###
#..##.....##.
.......##...'...## .
...###.#...#'#...# ...##
##.# #.+⌠.##.##.†'
....>.##l###.#.##...##.#
.......@.....###.....###
......##.###.##....#..##
.).## #.# #.#..#.###..#
. ..# #...#..# ##.. ####
##.##.## ###
.#######....#
.).......#### ##########


You could see an iguana.

Vanquished Creatures
  A hound (D:3)
  3 adders
  5 ball pythons
  4 endoplasms
  4 giant cockroaches
  2 goblins (D:2)
  6 hobgoblins
  A quokka (D:3)
  3 bats
  2 frilled lizards (D:3)
  4 kobolds
  5 rats
40 creatures vanquished.

Vanquished Creatures (collateral kills)
  3 jackals (D:1)
3 creatures vanquished.

Grand Total: 43 creatures vanquished

Notes
Turn   | Place    | Note
-------+----------+-------------------------------------------
     0 | D:1      | domi the Demonspawn Hedge Wizard began the quest for the
                  | Orb.
     0 | D:1      | Reached XP level 1. HP: 13/13 MP: 4/4
   281 | D:1      | Reached skill level 2 in Conjurations
   341 | D:1      | Gained mutation: A weak demonic guardian rushes to your
                  | aid. [demonic ancestry]
   341 | D:1      | Reached XP level 2. HP: 19/19 MP: 3/6
   540 | D:1      | HP: 3/19 [jackal (3)]
  1476 | D:2      | Noticed Robin
  1476 | D:2      | Noticed Sigmund
  1529 | D:2      | Reached skill level 3 in Conjurations
  1537 | D:2      | Reached XP level 3. HP: 24/24 MP: 2/7
  1540 | D:2      | Learned a level 2 spell: Call Imp
  1543 | D:2      | Learned a level 2 spell: Blink
  1547 | D:2      | Learned a level 3 spell: Mephitic Cloud
  2358 | D:3      | Reached XP level 4. HP: 30/30 MP: 6/8
  2436 | D:3      | Reached skill level 4 in Conjurations
  2623 | D:3      | HP: 5/30 [iguana (12)]
  2626 | D:3      | Mangled by an iguana

Illustrated notes

Levels and vault maps discovered:
D:1:      elethiomel_arrival_infinity_welcomes_careful_drivers,
          layout_loops_cross, nicolae_concentric_dashed_squares_wild
D:2:      layout_rooms, serial_shops, nicolae_shop_competitors_out_of_business,
          hellmonk_ecumenical_altar_slurped_away, eino_tiny_chamber, uniq_robin,
          uniq_sigmund, uniq_crazy_yiuf_cottage
D:3:      layout_loops_ring, mainiacjoe_overflow_tiny_flanked, serial_glass,
          glass_columns_a, glass_columns_c, glass_columns_a, glass_columns_c,
          chequers_arboretum, grunt_decor_arrowhead, minmay_statues_item,
          minmay_splitting_lines

Skill      XL: |  1  2  3  4 |
---------------+-------------+-----
Conjurations   | 2 3 4 |  4.4
Dodging        | |  1.7
Stealth        | |  1.7
Spellcasting   | |  3.0
Summonings     | |  1.0
Translocations | |  0.8

Action                   |  1- 3 |  4- 6 || total
-------------------------+-------+-------++-------
Melee: Dagger            |     4 |     1 ||     5
 Cast: Magic Dart        |    99 |    18 ||   117
  Use: Potion            |       |     2 ||     2
Armor: Robe              |     5 |     3 ||     8
Dodge: Dodged            |    22 |     4 ||    26

Table legend: (Time is in decaauts)
 A = Elapsed time spent in this place.
 B = Non-inter-level travel time spent in this place.
 C = Inter-level travel time spent in this place.
 D = Time resting spent in this place.
 E = Time spent auto-exploring this place.
 F = Levels seen in this place.
 G = Mean time per level.
                   A        B        C        D        E       F      G
               +--------+--------+--------+--------+--------+-----+--------+
         Total |   2629 |   2529 |    100 |    799 |   1397 |   3 |  876.3 |
       Dungeon |   2629 |   2529 |    100 |    799 |   1397 |   3 |  876.3 |
               +--------+--------+--------+--------+--------+-----+--------+

Top non-repeatable levels by time:
     D:1: 1670 daAuts
     D:2: 504 daAuts
     D:3: 454 daAuts

Table legend:
 A = Kills in this place as a percentage of kills in entire the game.
 B = Kills by you in this place as a percentage of kills by you in the entire game.
 C = Kills by friends in this place as a percentage of kills by friends in the entire game.
 D = Other kills in this place as a percentage of other kills in the entire game.
 E = Experience gained in this place as a percentage of experience gained in the entire game.
 F = Experience gained in this place divided by the number of levels of this place that you have seen.
                   A       B       C       D       E      F
               +-------+-------+-------+-------+-------+----------------------
         Total | 100.0 | 100.0 | 100.0 |   N/A | 100.0 |  47.3
       Dungeon | 100.0 | 100.0 | 100.0 |   N/A | 100.0 |  47.3
               +-------+-------+-------+-------+-------+----------------------
